[ AOE2 MATCH · #508015928 ]
UnrankedDravidians vs Goths
Rival team · LOSS
[ REPLAY ANALYSIS · EXTRACTED FROM THE RECORDED GAME ]
Feudal
8:57
Castle
22:05
Imperial
38:00
| APM avg | 62.0 |
| APM peak | 93 |
| eAPM avg | 30.1 |
| Villagers / military | 158 / 137 |
Focus
⚔️ 28.2% · 🌾 71.8%
Militia ×96 · Archer ×13 · Armored Elephant ×9 · Scorpion ×8 · Monk ×6 · Trebuchet (Packed) ×3
Feudal
8:58
Castle
22:57
Imperial
—
| APM avg | 51.8 |
| APM peak | 90 |
| eAPM avg | 31.6 |
| Villagers / military | 113 / 76 |
Focus
⚔️ 39.0% · 🌾 61.0%
Militia ×21 · Huskarl ×17 · Skirmisher ×17 · Cavalry Archer ×17 · Mangonel ×2 · Monk ×1
Match map
Initial resources + every placement click. Lines = walls · curves = elevation contours. ◆ gold · ⬟ stone · ● berries · ✦ relic · ◌ wall gap
Your base· ✓ Closed at 22:05 · 33t walls · no gate
s56460688's base· Open — opponent sealed themselves in
Smoothed initial terrain · ◌ = detected wall gap · hover for details
Inputs per minute
— Penntuete - - s56460688
Build order — Penntuete
First 150 of 459 actions detected
| 0:00 | Queue | Villager (Male) |
| 0:01 | Queue | Villager (Male) |
| 0:03 | Build | House |
| 0:04 | Build | House |
| 0:17 | Queue | Villager (Male) |
| 0:18 | Queue | Villager (Male) |
| 1:24 | Queue | Villager (Male) |
| 1:25 | Queue | Villager (Male) |
| 1:49 | Build | Lumber Camp |
| 2:01 | Queue | Villager (Male) |
| 2:20 | Queue | Villager (Male) |
| 2:21 | Queue | Villager (Male) |
| 2:53 | Queue | Villager (Male) |
| 2:54 | Queue | Villager (Male) |
| 2:54 | Queue | Villager (Male) |
| 3:24 | Queue | Villager (Male) |
| 3:24 | Queue | Villager (Male) |
| 3:56 | Queue | Villager (Male) |
| 4:04 | Build | House |
| 4:04 | Queue | Villager (Male) |
| 4:58 | Build | Barracks |
| 5:01 | Queue | Villager (Male) |
| 5:01 | Queue | Villager (Male) |
| 5:01 | Queue | Villager (Male) |
| 5:02 | Queue | Villager (Male) |
| 5:02 | Queue | Villager (Male) |
| 5:46 | Build | House |
| 6:03 | Research | Loom |
| 6:41 | Build | Mining Camp |
| 6:47 | Research | Feudal Age |
| 6:47 | Research | Feudal Age |
| 7:00 | Queue | Militia |
| 7:00 | Queue | Militia |
| 7:20 | Queue | Militia |
| 7:20 | Queue | Militia |
| 7:41 | Queue | Militia |
| 8:18 | Build | Mill |
| 8:44 | Queue | Villager (Male) |
| 8:57 | Age | Feudal Age |
| 9:01 | Research | Man-at-Arms (upgrade) |
| 9:17 | Queue | Villager (Male) |
| 9:19 | Build | Archery Range |
| 9:45 | Queue | Villager (Male) |
| 9:47 | Build | House |
| 9:55 | Research | Double-Bit Axe |
| 9:55 | Research | Double-Bit Axe |
| 10:05 | Queue | Villager (Male) |
| 10:11 | Build | Palisade Wall |
| 10:15 | Build | Palisade Wall |
| 10:18 | Build | Palisade Wall |
| 10:19 | Queue | Archer |
| 10:22 | Build | Farm |
| 10:23 | Build | Farm |
| 10:30 | Queue | Villager (Male) |
| 10:30 | Queue | Villager (Male) |
| 10:31 | Queue | Villager (Male) |
| 10:33 | Build | Palisade Wall |
| 10:49 | Build | Palisade Wall |
| 10:53 | Build | Palisade Wall |
| 10:54 | Build | Palisade Wall |
| 11:11 | Queue | Villager (Male) |
| 11:36 | Build | Farm |
| 11:40 | Queue | Villager (Male) |
| 11:40 | Queue | Villager (Male) |
| 11:41 | Queue | Archer |
| 11:41 | Queue | Archer |
| 11:41 | Queue | Archer |
| 11:45 | Build | House |
| 11:53 | Queue | Villager (Male) |
| 11:59 | Build | Blacksmith |
| 12:07 | Build | Farm |
| 12:15 | Queue | Villager (Male) |
| 12:17 | Build | House |
| 12:20 | Build | Palisade Wall |
| 12:35 | Build | Farm |
| 12:44 | Queue | Villager (Male) |
| 13:01 | Build | Farm |
| 13:06 | Queue | Villager (Male) |
| 13:13 | Queue | Archer |
| 13:19 | Research | Fletching |
| 13:19 | Research | Fletching |
| 13:29 | Build | Farm |
| 13:59 | Queue | Villager (Male) |
| 14:03 | Queue | Archer |
| 14:11 | Queue | Villager (Male) |
| 14:13 | Build | Farm |
| 14:14 | Build | Farm |
| 14:29 | Queue | Archer |
| 14:31 | Queue | Militia |
| 14:32 | Queue | Militia |
| 14:34 | Queue | Villager (Male) |
| 14:38 | Build | House |
| 14:44 | Build | Farm |
| 14:57 | Build | House |
| 15:03 | Research | Wheelbarrow |
| 15:03 | Research | Wheelbarrow |
| 15:09 | Build | Farm |
| 15:23 | Queue | Archer |
| 15:34 | Build | House |
| 15:45 | Queue | Villager (Male) |
| 15:54 | Queue | Archer |
| 16:23 | Queue | Archer |
| 16:23 | Queue | Militia |
| 16:28 | Queue | Villager (Male) |
| 16:30 | Build | Farm |
| 16:32 | Build | Farm |
| 16:56 | Queue | Villager (Male) |
| 16:57 | Queue | Militia |
| 16:58 | Queue | Archer |
| 17:00 | Research | Scale Mail Armor |
| 17:08 | Build | Farm |
| 17:11 | Build | Farm |
| 17:13 | Build | Farm |
| 17:22 | Research | Horse Collar |
| 17:22 | Research | Horse Collar |
| 17:28 | Queue | Villager (Male) |
| 17:48 | Queue | Villager (Male) |
| 17:49 | Queue | Militia |
| 18:01 | Build | Farm |
| 18:03 | Build | Farm |
| 18:32 | Queue | Villager (Male) |
| 18:34 | Queue | Archer |
| 18:34 | Queue | Archer |
| 19:00 | Queue | Villager (Male) |
| 19:20 | Research | Castle Age |
| 19:20 | Research | Castle Age |
| 19:30 | Queue | Militia |
| 20:02 | Queue | Militia |
| 20:04 | Build | Barracks |
| 20:13 | Research | Forging |
| 20:18 | Build | House |
| 20:29 | Research | Gold Mining |
| 20:39 | Queue | Militia |
| 20:41 | Queue | Militia |
| 20:51 | Build | House |
| 21:33 | Queue | Militia |
| 21:34 | Queue | Militia |
| 21:35 | Queue | Militia |
| 21:35 | Queue | Militia |
| 21:52 | Queue | Villager (Male) |
| 22:05 | Age | Castle Age |
| 22:08 | Build | Siege Workshop |
| 22:10 | Queue | Villager (Male) |
| 22:12 | Research | Chain Mail Armor |
| 22:16 | Research | Long Swordsman (upgrade) |
| 22:17 | Research | Squires |
| 22:25 | Queue | Villager (Male) |
| 22:37 | Build | Town Center |
| 22:47 | Research | Gambesons |
| 22:55 | Queue | Villager (Male) |
Build order — s56460688
First 150 of 355 actions detected
| 0:00 | Queue | Villager (Male) |
| 0:01 | Build | House |
| 0:02 | Build | House |
| 0:10 | Queue | Villager (Male) |
| 0:21 | Queue | Villager (Male) |
| 0:21 | Queue | Villager (Male) |
| 0:21 | Queue | Villager (Male) |
| 1:24 | Queue | Villager (Male) |
| 1:24 | Queue | Villager (Male) |
| 1:45 | Build | Lumber Camp |
| 1:49 | Queue | Villager (Male) |
| 1:49 | Queue | Villager (Male) |
| 2:25 | Queue | Villager (Male) |
| 2:26 | Queue | Villager (Male) |
| 2:51 | Queue | Villager (Male) |
| 2:51 | Queue | Villager (Male) |
| 2:58 | Queue | Villager (Male) |
| 3:30 | Queue | Villager (Male) |
| 3:58 | Build | House |
| 4:05 | Queue | Villager (Male) |
| 4:29 | Research | Loom |
| 4:30 | Queue | Villager (Male) |
| 4:51 | Queue | Villager (Male) |
| 5:06 | Build | Barracks |
| 5:19 | Queue | Villager (Male) |
| 5:49 | Queue | Villager (Male) |
| 6:10 | Queue | Villager (Male) |
| 6:28 | Build | House |
| 6:48 | Research | Feudal Age |
| 6:48 | Research | Feudal Age |
| 7:25 | Build | Mining Camp |
| 7:26 | Queue | Militia |
| 7:49 | Queue | Militia |
| 8:03 | Queue | Militia |
| 8:29 | Queue | Militia |
| 8:34 | Build | Mill |
| 8:46 | Queue | Villager (Male) |
| 8:54 | Build | House |
| 8:58 | Age | Feudal Age |
| 9:02 | Research | Man-at-Arms (upgrade) |
| 9:26 | Queue | Villager (Male) |
| 9:40 | Queue | Villager (Male) |
| 9:59 | Queue | Villager (Male) |
| 10:01 | Research | Double-Bit Axe |
| 10:04 | Build | House |
| 10:06 | Build | Palisade Wall |
| 10:07 | Build | Palisade Wall |
| 10:14 | Queue | Spearman |
| 10:21 | Build | Farm |
| 10:26 | Research | Horse Collar |
| 10:27 | Queue | Villager (Male) |
| 10:48 | Queue | Militia |
| 10:54 | Queue | Villager (Male) |
| 10:57 | Build | Farm |
| 10:59 | Build | Farm |
| 11:22 | Queue | Villager (Male) |
| 11:46 | Build | Archery Range |
| 11:53 | Queue | Villager (Male) |
| 11:55 | Build | Farm |
| 12:00 | Build | Farm |
| 12:17 | Queue | Villager (Male) |
| 12:20 | Build | House |
| 12:23 | Build | Farm |
| 12:39 | Queue | Villager (Male) |
| 12:42 | Queue | Skirmisher |
| 12:55 | Build | Farm |
| 12:57 | Build | Farm |
| 13:01 | Queue | Villager (Male) |
| 13:02 | Queue | Skirmisher |
| 13:05 | Build | House |
| 13:07 | Build | Palisade Wall |
| 13:08 | Build | Palisade Wall |
| 13:12 | Build | Farm |
| 13:31 | Build | Farm |
| 13:33 | Queue | Villager (Male) |
| 13:36 | Build | Farm |
| 13:38 | Queue | Skirmisher |
| 13:59 | Queue | Skirmisher |
| 14:01 | Queue | Villager (Male) |
| 14:16 | Queue | Villager (Male) |
| 14:21 | Queue | Skirmisher |
| 14:26 | Build | Farm |
| 14:36 | Build | Blacksmith |
| 14:41 | Build | Palisade Wall |
| 14:49 | Queue | Villager (Male) |
| 14:55 | Queue | Skirmisher |
| 15:06 | Build | House |
| 15:12 | Research | Fletching |
| 15:16 | Queue | Villager (Male) |
| 15:19 | Build | Farm |
| 15:23 | Build | Lumber Camp |
| 15:28 | Build | Farm |
| 15:40 | Queue | Villager (Male) |
| 15:43 | Build | House |
| 15:45 | Build | Palisade Wall |
| 16:00 | Research | Wheelbarrow |
| 16:29 | Build | House |
| 16:30 | Build | House |
| 16:35 | Queue | Skirmisher |
| 16:43 | Queue | Villager (Male) |
| 16:50 | Build | Palisade Wall |
| 17:03 | Build | House |
| 17:05 | Queue | Skirmisher |
| 17:13 | Research | Padded Archer Armor |
| 17:39 | Queue | Villager (Male) |
| 18:00 | Build | Farm |
| 18:06 | Queue | Villager (Male) |
| 18:30 | Queue | Villager (Male) |
| 18:41 | Build | House |
| 18:42 | Build | House |
| 19:00 | Queue | Villager (Male) |
| 19:12 | Queue | Skirmisher |
| 19:21 | Build | Market |
| 19:24 | Queue | Skirmisher |
| 19:26 | Queue | Villager (Male) |
| 19:28 | Build | Farm |
| 19:37 | Build | Mining Camp |
| 19:41 | Queue | Skirmisher |
| 19:49 | Queue | Villager (Male) |
| 20:05 | Queue | Skirmisher |
| 20:13 | Build | House |
| 20:17 | Research | Castle Age |
| 20:21 | Queue | Skirmisher |
| 20:28 | Build | Watch Tower |
| 20:33 | Build | Lumber Camp |
| 20:46 | Build | Farm |
| 20:47 | Build | Farm |
| 20:49 | Build | House |
| 20:50 | Build | House |
| 20:51 | Build | House |
| 20:52 | Build | House |
| 21:03 | Queue | Skirmisher |
| 21:17 | Build | House |
| 21:19 | Build | House |
| 21:25 | Build | House |
| 21:39 | Queue | Skirmisher |
| 22:00 | Queue | Skirmisher |
| 22:18 | Queue | Villager (Male) |
| 22:34 | Queue | Skirmisher |
| 22:38 | Build | Archery Range |
| 22:57 | Age | Castle Age |
| 23:22 | Research | Elite Skirmisher (upgrade) |
| 23:26 | Queue | Villager (Male) |
| 23:33 | Research | Bodkin Arrow |
| 23:50 | Queue | Villager (Male) |
| 23:57 | Build | House |
| 24:10 | Build | House |
| 24:15 | Build | House |
| 24:17 | Queue | Villager (Male) |
| 24:19 | Research | Long Swordsman (upgrade) |
Match timeline
| 4:58 | Penntuete · first_building Barracks |
| 5:06 | s56460688 · first_building Barracks |
| 8:57 | Penntuete · age_up feudal |
| 8:58 | s56460688 · age_up feudal |
| 9:19 | Penntuete · first_building Archery Range |
| 10:06 | s56460688 · wall_segment Palisade Wall x3 |
| 10:07 | s56460688 · wall_segment Palisade Wall x5 |
| 10:11 | Penntuete · wall_segment Palisade Wall x8 |
| 10:15 | Penntuete · wall_segment Palisade Wall x5 |
| 10:18 | Penntuete · wall_segment Palisade Wall x1 |
| 10:33 | Penntuete · wall_segment Palisade Wall x10 |
| 10:49 | Penntuete · wall_segment Palisade Wall x1 |
| 10:53 | Penntuete · wall_segment Palisade Wall x4 |
| 10:54 | Penntuete · wall_segment Palisade Wall x3 |
| 11:46 | s56460688 · first_building Archery Range |
| 12:20 | Penntuete · wall_segment Palisade Wall x2 |
| 13:07 | s56460688 · wall_segment Palisade Wall x4 |
| 13:08 | s56460688 · wall_segment Palisade Wall x3 |
| 14:41 | s56460688 · wall_segment Palisade Wall x1 |
| 15:45 | s56460688 · wall_segment Palisade Wall x4 |
| 16:50 | s56460688 · wall_segment Palisade Wall x1 |
| 20:15 | s56460688 · first_market_sell 100 food |
| 22:05 | Penntuete · age_up castle |
| 22:08 | Penntuete · first_building Siege Workshop |
| 22:57 | s56460688 · age_up castle |
| 24:23 | Penntuete · first_building Monastery |
| 27:04 | s56460688 · first_market_buy 100 food |
| 28:50 | s56460688 · first_building Castle |
| 29:33 | s56460688 · first_building Monastery |
| 30:40 | s56460688 · first_building Siege Workshop |
| 36:48 | Penntuete · first_building Castle |
| 38:00 | Penntuete · age_up imperial |
| 40:42 | s56460688 · first_building Stable |
| 44:45 | s56460688 · resign |
[ AI ANALYSIS · 1 CREDIT ]
What really happened in this match?
Wolo.gg analyzes every decision: build order, eco, micro, common mistakes by bracket. Personalized analysis on WhatsApp or Discord in 30 seconds.
Civ guide
Dravidians
Perfil
Jugador #1469273